 Seeded DCSS version 0.29.1-1-gd02db6906a (webtiles) character file.

Game seed: 11755021972338150004 (custom seed)

333 lonewolfV2 the Sneak (level 6, -4/24 HPs)
             Began as a Felid Conjurer on Oct 17, 2022.
             Was an Initiate of Sif Muna.
             Killed by divine providence
             ... invoked by an orc priest
              (13 damage)
             ... on level 4 of the Dungeon.
             The game lasted 00:09:51 (5112 turns).

lonewolfV2 the Sneak (Felid Conjurer)               Turns: 5112, Time: 00:09:52

Health: -4/24      AC:  2    Str:  3    XL:     6   Next: 27%
Magic:  7/13       EV: 18    Int: 22    God:    Sif Muna [......]
Gold:   175        SH:  0    Dex: 14    Spells: 6/13 levels left
                                        Lives:  0   Deaths: 1

rFire   . . .      SeeInvis +   (weapon unavailable)
rCold   . . .      Faith    .   (shield unavailable)
rNeg    . . .      Spirit   .   (body armour unavailable)
rPois   .          Reflect  .   (helmet unavailable)
rElec   .          Harm     .   (cloak unavailable)
rCorr   .          Rampage  .   (gloves unavailable)
Will    .....                   (boots unavailable)
Stlth   +++.......              (no amulet)
HPRegen 0.08/turn               (no ring)
MPRegen 0.13/turn               (no ring)

@: quick
A: very small, claws 1, fangs 3, see invisible, speed 1, shaggy fur 2, stealthy
paws, no weapons or thrown items, no armour, multi-lived
a: Renounce Religion


You were on level 4 of the Dungeon.
You worshipped Sif Muna.
Sif Muna was noncommittal.
You visited 1 branch of the dungeon, and saw 4 of its levels.

You collected 175 gold pieces.

Inventory:

Jewellery
 c - a ring of protection from cold
 i - an amulet of faith
Wands
 j - a wand of polymorph (10)
Scrolls
 d - a scroll of acquirement {unknown}
 h - a scroll of enchant armour
Potions
 a - a potion of magic
 b - a potion of degeneration
 e - a potion of attraction
 f - a potion of curing {unknown}
 g - a potion of lignification {unknown}


   Skills:
 + Level 4.7 Dodging
 + Level 4.8 Stealth
 * Level 4.0 Spellcasting
 + Level 4.4 Conjurations
 * Level 3.3 Hexes


You had 6 spell levels left.
You knew the following spells:

 Your Spells              Type           Power      Damage    Failure   Level
a - Magic Dart            Conj           96%        1d7       1%          1
b - Searing Ray           Conj           48%        2d6       2%          2
c - Fulminant Prism       Conj/Hex       10%        3d9       22%         4

Your spell library contained the following spells:

 Spells                   Type           Power      Damage    Failure   Level
 Dazzling Flash           Conj/Hex       42%        N/A       7%          3
 Call Canine Familiar     Summ           4%         N/A       32%         3
 Iskenderun's Mystic Bla  Conj/Tloc      14%        2d5       41%         4
 Leda's Liquefaction      Hex/Erth       5%         N/A       50%         4
 Portal Projectile        Hex/Tloc       Unusable   N/A       N/A         3

Dungeon Overview and Level Annotations

Branches:
Dungeon (4/15)
 Temple: D:4-7

Altars:
Sif Muna

Annotations:
D:3 1 runed translucent door, Crazy Yiuf


Innate Abilities, Weirdness & Mutations

You have sharp claws.
You have razor-sharp teeth.
You have supernaturally acute eyesight. (SInv)
You cover ground quickly. (Speed+)
You are covered in thick fur. (AC +2)
Your paws help you pounce on unaware monsters.
You are incapable of wielding weapons or throwing items.
You cannot wear armour.
You gain extra lives every three experience levels.


Message History

Aim: an orc, wielding a +0 whip and wearing a +0 leather armour (lightly wounded, 100% to hit)
The magic dart hits the orc.
The orc is almost dead.
An orc comes into view. It is wielding a +0 flail.
Casting: Magic Dart (safe; 1% risk of failure)
Confirm with . or Enter, or press ? or * to list all spells.
You don't know that spell.
Casting: Magic Dart (safe; 1% risk of failure)
Confirm with . or Enter, or press ? or * to list all spells.
Aiming: Searing Ray (safe; 2% risk of failure)
Press: ? - help, Shift-Dir - straight line, p - orc The searing ray hits the orc priest.
The orc priest is moderately wounded. (Press . to maintain the ray.)
The orc shouts!
The searing ray hits the orc priest but does no damage.
The orc priest is moderately wounded.
The searing ray hits the orc!
You kill the orc!
Sif Muna accepts your kill. The orc priest hits you with a +0 club.
Unknown command.
The searing ray hits the orc priest!
The orc priest is severely wounded.
The orc priest hits you with a +0 club.
The searing ray hits the orc priest but does no damage.
The orc priest is severely wounded.
You finish channelling your searing ray.
The orc priest hits you with a +0 club. The orc priest barely misses you.
The orc priest closely misses you. The orc priest barely misses you.
The orc priest mumbles some strange prayers to Beogh against you.
Pain shoots through your body! The orc priest closely misses you.
The orc priest hits you with a +0 club.
The orc priest calls down the wrath of Beogh upon you.
Beogh smites you!
Ouch! That really hurt!
You die...

##### #...####
#######
.......######.....#
................@.#
......#.########..#
....#.#........#..#
...##.########.#..#
.#.##.# #o.#
##....# #..#
####..# #o## # ##.#
#.# .. #.# #.#


You could see an orc priest and an orc.

Vanquished Creatures
  Sigmund (D:3)
  2 scorpions
  Jessica (D:2)
  Robin (D:2)
  A gnoll (D:1)
  An adder (D:3)
  A worm (D:3)
  An orc (D:4)
  4 ball pythons
  9 bats
  2 endoplasms
  6 giant cockroaches
  12 goblins
  11 hobgoblins
  6 kobolds
  A quokka (D:1)
  4 frilled lizards
  6 rats
70 creatures vanquished.

Notes
Turn   | Place    | Note
-------+----------+-------------------------------------------
     0 | D:1      | lonewolfV2 the Felid Conjurer began the quest for the Orb.
     0 | D:1      | Reached XP level 1. HP: 7/7 MP: 4/4
   259 | D:1      | Reached XP level 2. HP: 11/11 MP: 3/6
   266 | D:1      | Learned a level 2 spell: Searing Ray
   965 | D:2      | Reached XP level 3. HP: 14/14 MP: 4/7
  1480 | D:2      | Noticed a scorpion
  1488 | D:2      | Killed a scorpion
  1489 | D:2      | Reached XP level 4. HP: 18/18 MP: 0/9
  1629 | D:2      | Noticed Jessica
  1632 | D:2      | Killed Jessica
  1648 | D:2      | Learned a level 4 spell: Fulminant Prism
  2538 | D:3      | Reached XP level 5. HP: 17/21 MP: 0/10
  2854 | D:3      | Noticed Robin
  2868 | D:2      | Killed Robin
  2869 | D:2      | Reached skill level 1 in Hexes
  3593 | D:3      | Found a shimmering blue altar of Sif Muna.
  3594 | D:3      | Noticed Sigmund
  3605 | D:3      | Killed from afar by Sigmund
  3606 | D:3      | Reached XP level 4. HP: -14/18 MP: 10/10
  3925 | D:3      | Killed Sigmund
  3926 | D:3      | Reached XP level 5. HP: 21/21 MP: 2/11
  4198 | D:3      | Became a worshipper of Sif Muna the Loreminder
  4299 | D:3      | Gained mutation: You are covered in thick fur. (AC +2)
                  | [Felid growth]
  4299 | D:3      | Reached XP level 6. HP: 24/24 MP: 9/12
  4396 | D:3      | Found a runed translucent door.
  4397 | D:3      | Noticed Crazy Yiuf
  4837 | D:4      | HP: 1/24 [poisoned by a scorpion]
  5112 | D:4      | Killed from afar by an orc priest

Illustrated notes

Levels and vault maps discovered:
D:1:      dpeg_arrival_court, layout_loops_ring
D:2:      layout_basic, nicolae_elevator_lobby_asterisk, uniq_jessica
D:3:      layout_loops_ring, old_standard_altar, uniq_sigmund,
          uniq_crazy_yiuf_cottage, uniq_robin
D:4:      layout_cave_pods, zin_angel, nicolae_ossuary_entry_false_entrances,
          minivault_27, minmay_statues_item, minmay_starry_boxes,
          uniq_eustachio, uniq_ijyb

Skill      XL: |  1  2  3  4  5  6 |
---------------+-------------------+-----
Stealth        | 3 4 |  4.8
Dodging        | 3 4 |  4.7
Spellcasting   | 3 4 |  4.0
Conjurations   | 4 |  4.4
Hexes          | 2 1 3 |  3.3

Action                   |  1- 3 |  4- 6 || total
-------------------------+-------+-------++-------
Melee: Unarmed           |     1 |     3 ||     4
       Bite              |       |     1 ||     1
 Cast: Magic Dart        |    50 |    65 ||   115
       Searing Ray       |     4 |     9 ||    13
  Use: Scroll            |       |     5 ||     5
       Potion            |       |     1 ||     1
Armor: Skin              |       |     1 ||     1
Dodge: Dodged            |     6 |    23 ||    29
